 Dungeon Crawl Stone Soup version 0.22-b1-59-g0aedee7 (webtiles) character file.

349 MTVSty1e the Chopper (level 6, -2/37 HPs)
             Began as a Gargoyle Fighter on Aug 9, 2018.
             Slain by a slave (4 damage)
             ... led by Pikel
             ... on level 3 of the Dungeon.
             The game lasted 00:04:36 (2237 turns).

MTVSty1e the Chopper (Gargoyle Fighter)             Turns: 2237, Time: 00:04:37

Health: -2/37      AC: 12    Str: 26    XL:     6   Next: 60%
Magic:  6/6        EV:  7    Int:  9    God:
Gold:   148        SH:  9    Dex:  9    Spells: 5/5 levels left

rFire    . . .     SeeInvis .   a - +0 war axe
rCold    . . .     Gourm    .   c - +0 shield
rNeg     + + .     Faith    .   b - +0 scale mail
rPois    ∞         Spirit   .   (no helmet)
rElec    +         Reflect  .   l - +0 cloak
rCorr    .         Harm     .   (no gloves)
MR       .....                  (no boots)
Stlth    ..........             (no amulet)
HPRegen  0.12/turn              n - ring of positive energy
MPRegen  0.10/turn              (no ring)

@: mighty
A: negative energy resistance 1, electricity resistance, unbreathing,
petrification resistance, rot immunity, AC +4
a: no special abilities


You were on level 3 of the Dungeon.
You were not hungry.

You visited 1 branch of the dungeon, and saw 4 of its levels.

You collected 148 gold pieces.

Inventory:

Hand Weapons
 a - a +0 war axe (weapon)
Armour
 b - a +0 scale mail (worn)
 c - a +0 shield (worn)
 l - a +0 cloak (worn)
Jewellery
 n - a ring of positive energy (left hand)
Scrolls
 g - 2 scrolls of identify {unknown}
 h - 2 scrolls of fog {unknown}
 i - a scroll of noise {unknown}
 j - 2 scrolls of teleportation {unknown}
 m - a scroll of enchant armour {unknown}
 o - a scroll of amnesia {unknown}
 q - a scroll of enchant weapon {unknown}
 s - a scroll of blinking {unknown}
Potions
 d - 2 potions of might
 e - a potion of haste {unknown}
 k - 6 potions of curing {unknown}
 p - a potion of degeneration {unknown}
 r - a potion of flight {unknown}
 t - a potion of cancellation {unknown}
 u - a potion of brilliance {unknown}
 v - a potion of lignification {unknown}
Comestibles
 f - 6 rations


   Skills:
 - Level 3.2 Fighting
 + Level 6.2 Axes
 - Level 3.2 Armour
 - Level 3.2 Shields


You had 5 spell levels left.
You didn't know any spells.
Your spell library was empty.

Dungeon Overview and Level Annotations

Branches:
Dungeon (4/15)
 Temple: D:4-7

Altars:
Ashenzari
Fedhas
Hepliaklqana
Qazlal
Yredelemnul
The Shining One

Annotations:
D:3 Pikel


Innate Abilities, Weirdness & Mutations

You are resistant to torment.
Your stone body is resilient. (AC +4)
You are immune to poison.
You resist negative energy. (rN+)
You are resistant to electric shocks. (rElec)
You can survive without breathing.
You are immune to petrification.
You are immune to rotting.


Message History

You block the slave's attack. You block Pikel's attack.
The slave hits you but does no damage. The slave hits you.
You hit Pikel.
Pikel is severely wounded.
You miss the slave. You slash the slave! You hit the slave. The slave hits you.
* * * LOW HITPOINT WARNING * * *
You block Pikel's attack. The slave closely misses you. The slave hits you.
* * * LOW HITPOINT WARNING * * *
The slave hits you but does no damage. You block Pikel's attack.
You barely miss Pikel.
Pikel is severely wounded.
You barely miss the slave.
Your shield prevents you from hitting the slave.
You closely miss the slave. You block the slave's attack.
The slave hits you but does no damage. Pikel hits you with a whip of flaming.
* * * LOW HITPOINT WARNING * * *
Pikel burns you.
* * * LOW HITPOINT WARNING * * *
The slave hits you.
You die...

###.## #.#####.##.##.# ###...
##.## ### #........# #...##
###...######## #####.######....#
§.#...#.§.§.§# #.##......_[.
..+...'...._.# #####....##.#....
§.#...#.§.§.§# #.....#####.##...
###...######## #.###.#####....##
####.############.###.#..#####.#
...........#...p@p....#..#####.##
...........<..##Kp..........##.##
...........#..........#.....##.##
####...###..................##.##
#............##.#.##.######...
#)..####........#.##.# ####
##...###...........##.# #######
#.......#.....##.####.###...... #
#...##..##....##..........#####


You could see Pikel and 3 slaves.

Vanquished Creatures
  A slave (D:3)
  A bullfrog (D:3)
  A scorpion (D:3)
  Natasha (thrice) (D:2)
  4 gnolls (D:3)
  5 adders
  2 oozes (D:1)
  A worm (D:3)
  A dart slug (D:1)
  2 leopard geckos
  3 orcs (D:3)
  6 bats
  3 giant cockroaches
  7 goblins
  5 hobgoblins
  3 jackals (D:2)
  3 kobolds
  3 quokkas
  6 frilled lizards
  10 rats
70 creatures vanquished.

Notes
Turn   | Place    | Note
-------+----------+-------------------------------------------
     0 | D:1      | MTVSty1e the Gargoyle Fighter began the quest for the Orb.
     0 | D:1      | Reached XP level 1. HP: 14/14 MP: 1/1
    49 | D:1      | Reached skill level 2 in Axes
   143 | D:1      | Reached XP level 2. HP: 19/19 MP: 2/2
   379 | D:1      | Reached skill level 3 in Axes
   394 | D:1      | Reached XP level 3. HP: 23/23 MP: 3/3
   806 | D:2      | Reached XP level 4. HP: 28/28 MP: 4/4
   936 | D:2      | Noticed Natasha
   941 | D:2      | Killed Natasha
   941 | D:2      | Reached skill level 4 in Axes
  1043 | D:2      | Found a blossoming altar of Fedhas.
  1111 | D:2      | Noticed Natasha
  1113 | D:2      | Found a blossoming altar of Fedhas.
  1113 | D:2      | Found a hazy altar of Hepliaklqana.
  1116 | D:2      | Killed Natasha
  1116 | D:2      | Reached XP level 5. HP: 30/32 MP: 5/5
  1166 | D:2      | Noticed Natasha
  1175 | D:2      | Killed Natasha
  1298 | D:3      | Found a shattered altar of Ashenzari.
  1329 | D:3      | Reached skill level 5 in Axes
  1372 | D:3      | Reached XP level 6. HP: 34/37 MP: 6/6
  1761 | D:3      | Found a basalt altar of Yredelemnul.
  1766 | D:3      | Found a glowing golden altar of the Shining One.
  1768 | D:3      | Noticed an angel
  1894 | D:3      | Found a faded altar of an unknown god.
  2037 | D:3      | Found a stormy altar of Qazlal.
  2046 | D:3      | Reached skill level 6 in Axes
  2141 | D:4      | Noticed Pikel
  2141 | D:4      | Noticed a slave
  2141 | D:4      | Noticed a slave
  2141 | D:4      | Noticed a slave
  2141 | D:4      | Noticed a slave
  2151 | D:3      | Killed a slave
  2237 | D:3      | Slain by a slave

Skill      XL: |  1  2  3  4  5  6 |
---------------+-------------------+-----
Axes           | 2 3 4 5 6 |  6.2
Fighting       | |  3.2
Armour         | |  3.2
Shields        | |  3.2

Action                   |  1- 3 |  4- 6 || total
-------------------------+-------+-------++-------
Melee: War axe           |   104 |   161 ||   265
  Use: Potion            |       |     1 ||     1
  Eat: Ration            |       |     2 ||     2
Armor: Scale mail        |    64 |   100 ||   164
Dodge: Dodged            |    33 |    66 ||    99
Block: Shield            |    59 |    97 ||   156
